AoeStats
← DrHaz3lnut

Arabia

508517822Analyzed
2v2 RM · 8d ago on Sep 22, 2026· 23m 31s· 4 players
Game mode
Random Map
Map size
Medium (4 player)
Population
200
Speed
Normal
Resources
Standard
Victory
Conquest
Starting age
Dark Age
Ending age
Imperial Age
RankedLock teamsTeams togetherTeam positionsShared explorationLock speedFull tech treeHidden civsTurbo modeCheats
Victory
Defeat
🇩🇪 Goths · Germany
796
+13
🇩🇪 Britons · Germany
796
+13
🇬🇧 Bohemians · United Kingdom
739
-13
🇬🇧 Bohemians · United Kingdom
727
-13
DrHaz3lnut
4:25 Loom
12:10 Feudal Age
19:28 Castle Age
22:11 Scale Barding Armor
22:32 Husbandry
24:17 Chain Barding Armor
R3genwurm
3:28 Loom
9:48 Feudal Age
10:43 Horse Collar
11:55 Man-at-Arms
19:42 Castle Age
19:30 Double-Bit Axe
19:38 Gold Mining
20:57 Bloodlines
23:12 Heavy Plow
robjoepeters
13:04 Feudal Age
19:08 Castle Age
18:26 Double-Bit Axe
18:24 Horse Collar
23:18 Bow Saw
sparker_steve
15:27 Feudal Age
20:33 Castle Age
21:39 Wheelbarrow
Connection lost

Rejoining the realm…

Still unreachable

The connection could not be restored.

Session expired

The server has moved on; the page needs a fresh start.